Unix NetHack Version 5.0.0-0 post-release - last build May  3 2026 23:40:34 (9823c992c0763bbd039eca2974112f46eaf799b3,branch:main).

Game began 2026-05-04 07:31:39, ended 2026-05-04 08:19:25.

24620901111, lawful male human Knight

        ------                               ---------
        |....|        ----------------      #......i@.
        |....|        |..............|    ###|.....@.|
        |..%..#       |..(..........<|   ##  |.......|
        |...^|#       |...........|...####   ........|
        ----.-##      ----.-----.-----#      |.......|
            #  ##         #         ##       ---------
            #   #         #         # #
            #   ####      #     ##### #
           ##      #     ##    ##   ###
      -----|---    #     #     #   ##
      |......>|    #-----|---  #   #-----------
      |.......|    #|.......|  #   #|.......{.|
      |....{..-%####|.......|###   #..........|
      ---------    #.....>...#      |.........|    #
                   #|.......|    ###..........|    #
                   #---------   ##  |..........#####
                   ##############   -----------

24620901111 the Esquire  St:14 Dx:9 Co:11 In:7 Wi:16 Ch:18  Lawful
Dlvl:4  $:56 HP:0(31) Pw:31(31) AC:4  Xp:3 T:1405 

Latest messages:
 It's solid stone.
 You hear a jackal howling at the moon.
 You find a hidden door.
 This door is locked.
 This door is locked.
 This door is locked.
 This door is locked.
 This door is locked.
 This door is locked.
 This door is locked.
 In what direction? l
 As you kick the door, it crashes open!
 There is a broken door here.
 The homunculus bites!
 The homunculus misses!
 The werejackal bites!
 The homunculus bites!
 You are put to sleep by the homunculus!
 The grid bug bites!
 You avoid harm.
 The homunculus bites!
 The werejackal bites!
 You wake up.
 You hit the grid bug.
 The grid bug bites!
 You avoid harm.
 The homunculus bites!
 The werejackal bites!
 You kill the grid bug!
 The homunculus misses!
 The werejackal bites!
 The werejackal changes into a human.
 The werejackal changes into a jackal.
 You hit the homunculus!
 The homunculus bites!
 The werejackal changes into a human.
 The werejackal hits!
 You are beginning to feel hungry.
 What do you want to eat? [gh or ?*] g
 Core dumped.
 The homunculus just misses!
 The werejackal hits!
 You miss the homunculus.
 The homunculus bites!
 You die...
 Do you want your possessions identified? [ynq] (y) y
 Do you want to see your attributes? [ynq] (y) y
 Do you want an account of creatures vanquished? [ynaq] (y) y
 Do you want to see your conduct and achievements? [ynq] (y) y
 Do you want to see the dungeon overview? [ynq] (y) y

Inventory:
 Coins    ('$')
  $ - 56 gold pieces
 Weapons  (')')
  a - a blessed +1 long sword (weapon in right hand)
  b - a +1 lance (alternate weapon; not wielded)
 Armor    ('[')
  d - an uncursed rusty +0 helmet (being worn)
  f - an uncursed +0 pair of leather gloves (being worn)
  e - an uncursed +0 small shield (being worn)
  c - an uncursed +1 ring mail (being worn)
 Comestibles  ('%')
  g - an uncursed apple
  h - 10 uncursed carrots

24620901111 the Knight's attributes:

Background:
 You were an Esquire, a level 3 male human Knight.
 You were lawful, nominally on a mission for Lugh
 who was opposed by Brigit (neutral) and Manannan Mac Lir (chaotic).
 You were right-handed.
 You were in the Dungeons of Doom, on level 4.
 You entered the dungeon 1405 turns ago.
 There was a full moon in effect when your adventure ended.
 You had 57 experience points, 23 more were needed to attain level 4.

Basics:
 You had 0 out of 31 hit points.
 You had all 31 energy points (spell power).
 Your armor class was 4.
 Your wallet contained 56 zorkmids.
 Autopickup was off.

Final Characteristics:
 Your strength was 14 (limit:18/100).
 Your dexterity was 9 (limit:18).
 Your constitution was 11 (limit:18).
 Your intelligence was 7 (limit:18).
 Your wisdom was 16 (limit:18).
 Your charisma was 18 (limit:18).

Final Status:
 You weren't hungry.
 You were unencumbered.
 You were wielding a long sword.
 You had basic skill with long sword.

Final Attributes:
 You were devoutly aligned.
 You could jump.
 You were warded.
 You were lucky.
 You are dead.

Miscellaneous:
 You didn't encounter any bones levels.
 Total elapsed playing time was 42 minutes and 3 seconds.

Major events:
 Turn
    1: 24620901111 the lawful male human Knight entered the dungeon
 1058: attained the rank of Esquire (level 3)
 1405: killed by a homunculus

You didn't know any spells.

Skills:
 Fighting Skills
   bare handed combat [Unskilled]
   two weapon combat  [Unskilled]
   riding             [Basic]
 Weapon Skills
   dagger             [Unskilled]
   knife              [Unskilled]
   axe                [Unskilled]
   pick-axe           [Unskilled]
   short sword        [Unskilled]
   broadsword         [Unskilled]
   long sword         [Basic]
   two-handed sword   [Unskilled]
   saber              [Unskilled]
   club               [Unskilled]
   mace               [Unskilled]
   morning star       [Unskilled]
   flail              [Unskilled]
   hammer             [Unskilled]
   polearms           [Unskilled]
   spear              [Unskilled]
   trident            [Unskilled]
   lance              [Basic]
   bow                [Unskilled]
   crossbow           [Unskilled]
 Spellcasting Skills
   attack spells      [Unskilled]
   healing spells     [Unskilled]
   clerical spells    [Unskilled]

Voluntary challenges:
 Character rerolling was not enabled.
 You were an atheist.
 You were illiterate.
 You never genocided any monsters.
 You never polymorphed an object.
 You never changed form.
 You used no wishes.
Achievements:
 You entered a shop.
 You attained the rank of Esquire.

 The Dungeons of Doom: levels 1 to 4
    Level 1:
    Level 2:
    Level 3:
       A potion shop, an altar.
    Level 4: <- You were here.
       Some fountains, a grave.
       Final resting place for
          you, killed by a homunculus.
 The Tutorial:
    Level 1:
       A tree.


Vanquished creatures:
  a shrieker
 an acid blob
  a coyote
  2 geckos
  a fox
  2 goblins
  6 grid bugs
  3 lichens
  7 newts
24 creatures vanquished.

No species were genocided or became extinct.

Game over:
                       ----------
                      /          \
                     /    REST    \
                    /      IN      \
                   /     PEACE      \
                  /                  \
                  |   24620901111    |
                  |      56 Au       |
                  |   killed by a    |
                  |    homunculus    |
                  |                  |
                  |                  |
                  |       2026       |
                 *|     *  *  *      | *
        _________)/\\_//(\/(/\)/\//\/|_)_______

Fare thee well 24620901111 the Knight...

You died in The Dungeons of Doom on dungeon level 4 with 429 points,
and 56 pieces of gold, after 1405 moves.
You were level 3 with a maximum of 31 hit points when you died.

